Map: [ESL] Babylon

Players

Erik - Winner!

  • Race: Zerg Zerg
  • Spawn Location: 5:00

Dolan

  • Race: Terran Terran
  • Spawn Location: 11:00

Event: ESL SC2 Masters 2023 Summer (Regionals)

VOD

Have the link to the VOD?

Description

Time

  • Played on: May 6, 2023, 2:32 p.m.
  • Length: 9:20

All games in this series

Show
View Real Time Build Order
Export as new Build Order

Erik Zerg - Winner!

Build Orders: Hatch First 

Get SALT Encoding   

  12  0:00  Drone  
  13  0:08  Drone  
  13  0:14  Extractor  
  13  0:15  Drone  
  15  0:36  Hatchery  
  15  0:41  Extractor  
  13  0:43  Drone  
  13  0:49  Overlord  
  15  1:03  Spawning Pool  
  14  1:07  Drone  
  14  1:10  Drone  
  16  1:14  Drone  
  18  1:18  Drone  
  18  1:29  Drone  
  19  1:41  Drone  
  19  1:44  Extractor  
  19  1:49  Queen  
  19  1:50  Queen  
  19  1:51  Zergling x2  
  19  1:52  Drone  
  25  2:00  Drone  
  25  2:01  Overlord  
  26  2:10  Drone  
  27  2:16  Drone  
  28  2:23  Drone x2  
  28  2:29  Queen x2  
  33  2:38  Overlord  
  33  2:40  Overlord  
  33  2:45  Drone  
  33  2:46  Drone  
  35  2:54  Drone  
  35  2:57  Drone  
  37  3:00  Drone x4  
  37  3:03  Drone  
  42  3:07  Drone  
  43  3:17  Lair  
  43  3:18  Drone x2  
  43  3:19  Drone  
  46  3:24  Roach Warren  
  45  3:28  Drone  
  45  3:30  Extractor  
  45  3:31  Drone x3  
  48  3:35  Drone  
  48  3:37  Pneumatized Carapace  
  49  3:52  Overlord  
  49  3:53  Drone  
  49  3:54  Drone  
  49  3:55  Hatchery  
  50  3:56  Extractor, Drone  
  50  4:04  Overlord  
  50  4:06  Roach  
  52  4:12  Roach x4  
  60  4:23  Roach x2  
  64  4:28  Roach x2  
  68  4:31  Spore Crawler  
  68  4:36  Queen, Spore Crawler  
  68  4:39  Overlord  
  68  4:49  Overlord  
  68  4:51  Extractor  
  68  4:52  Drone  
  68  4:56  Spire  
  68  4:59  Roach x2  
  71  5:03  Drone x5  
  73  5:11  Drone x2  
  73  5:13  Drone x2  
  77  5:17  Drone  
  78  5:28  Roach  
  78  5:29  Roach x2  
  84  5:36  Drone x3  
  84  5:37  Drone  
  84  5:40  Queen  
  90  5:45  Overlord  
  90  5:52  Queen  
  90  5:53  Spore Crawler  
  90  5:54  Overlord  
  90  5:56  Overlord  
  81  6:02  Overlord x2  
  81  6:03  Drone x4  
  85  6:06  Queen  
  83  6:24  Mutalisk  
  83  6:25  Mutalisk x5  
  91  6:31  Drone  
  91  6:32  Drone x2  
  92  6:37  Mutalisk  
  92  6:38  Mutalisk x2  
  98  6:44  Drone x2  
  100  6:47  Drone  
  100  6:51  Extractor  
  100  6:53  Extractor  
  99  6:56  Metabolic Boost  
  99  6:59  Evolution Chamber  
  99  7:00  Evolution Chamber, Baneling Nest  
  96  7:01  Drone  
  96  7:07  Overlord  
  97  7:10  Drone  
  97  7:11  Drone  
  97  7:14  Mutalisk x2  
  103  7:22  Hatchery  
  102  7:24  Glial Reconstitution  
  102  7:29  Overlord  
  102  7:31  Roach x5  
  102  7:35  Drone x3  
  102  7:36  Drone  
  116  7:38  Drone  
  116  7:41  Drone x4  
  121  7:55  Overlord  
  121  7:56  Roach  
  121  7:57  Roach x5  
  133  8:02  Overlord  
  133  8:03  Roach x2  
  137  8:12  Roach  
  145  8:13  Roach x3  
  145  8:15  Overlord  
  145  8:16  Drone  
  145  8:17  Drone x3  
  145  8:19  Drone  
  150  8:22  Drone x3  
  153  8:31  Overlord  
  153  8:34  Infestation Pit  
  152  8:37  Drone x5  
  153  8:53  Roach x7  
  161  9:11  Extractor  
Show
View Real Time Build Order
Export as new Build Order

Dolan Terran 

Build Orders: Liberator Opening, Reaper Expand, Mech 

Get SALT Encoding   

  12  0:00  SCV  
  13  0:12  SCV  
  14  0:17  Supply Depot  
  14  0:24  SCV  
  15  0:38  SCV  
  15  0:39  Barracks  
  16  0:44  Refinery  
  16  0:50  SCV  
  17  1:03  SCV  
  18  1:15  SCV  
  19  1:27  Orbital Command, Reaper  
  20  1:40  Command Center  
  20  1:51  Supply Depot  
  20  1:53  SCV  
  21  1:59  Marine  
  22  2:05  SCV  
  23  2:10  Factory  
  23  2:18  SCV  
  23  2:20  Refinery  
  24  2:24  Barracks Reactor  
  24  2:30  SCV  
  25  2:42  SCV  
  26  2:53  Orbital Command  
  26  2:54  SCV  
  26  2:55  Starport  
  27  3:05  Hellion x2  
  31  3:06  SCV, Barracks Tech Lab  
  32  3:18  SCV  
  32  3:19  SCV  
  33  3:26  Supply Depot  
  33  3:29  Hellion x2  
  33  3:30  SCV  
  33  3:33  SCV  
  39  3:39  Liberator  
  42  3:42  SCV  
  42  3:45  SCV  
  44  3:50  Hellion x2  
  44  3:54  SCV  
  49  3:58  Supply Depot  
  49  4:00  Barracks Tech Lab  
  49  4:01  Armory  
  49  4:08  SCV x2  
  51  4:13  Hellion  
  53  4:20  Hellion, SCV x2  
  57  4:32  Command Center  
  57  4:33  SCV  
  57  4:34  SCV  
  57  4:36  Supply Depot  
  59  4:42  Refinery  
  59  4:43  Refinery  
  59  4:51  SCV  
  59  4:52  SCV  
  59  5:01  Hellion x2, Banshee  
  63  5:09  SCV  
  63  5:10  SCV  
  63  5:22  SCV x2, Hellion x2  
  69  5:31  Marine  
  69  5:33  Factory x2  
  66  5:41  SCV x2  
  68  5:45  Terran Vehicle Weapons Level 1  
  68  5:46  Fusion Core  
  64  6:03  Command Center  
  64  6:13  Starport Reactor, Supply Depot  
  54  6:27  SCV x2  
  54  6:28  Hellion  
  54  6:33  Hellion  
  54  6:34  Thor  
  54  6:37  Thor  
  54  6:39  SCV x2  
  68  6:44  Infernal Pre-Igniter  
  67  6:47  Orbital Command  
  67  6:51  SCV  
  67  6:54  Hellion  
  70  7:03  Thor  
  70  7:06  Supply Depot  
  70  7:07  Supply Depot  
  70  7:14  SCV, Medivac x2  
  70  7:15  Hellion  
  77  7:22  Orbital Command, SCV  
  74  7:32  Siege Tank  
  74  7:33  Hellion x3  
  77  7:37  Siege Tank  
  77  7:38  Hellion  
  82  7:46  SCV  
  82  7:49  Refinery x2  
  83  8:01  SCV x2  
  84  8:06  Orbital Command  
  74  8:13  SCV  
  74  8:14  SCV  
  76  8:25  Siege Tank x2  
  76  8:26  SCV  
  83  8:27  SCV  
  84  8:41  Hellion x2  
  88  8:43  SCV x2  
  93  9:01  SCV  
Tags
 
Add a new tag
Caveats
  • Supply blocks, unpowered buildings, or Contaminate may cause inaccurate times.
  • Supply counts are checked every 10 seconds.